 Dungeon Crawl Stone Soup version 0.30.0-18-gc0e69614cb (webtiles) character file.

Game seed: 6495951159184413873

172 Midn8 the Cudgeller (level 6, -8/50 HPs)
             Began as a Meteoran Reaver on May 24, 2023.
             Killed from afar by Ijyb (15 damage)
             ... with a bolt of dispelling energy
             ... on level 3 of the Dungeon.
             The game lasted 00:06:10 (721 turns).

Midn8 the Cudgeller (Meteoran Reaver)                Turns: 721, Time: 00:06:11

Health: -8/50      AC:  6    Str: 15    XL:     6   Next: 9%
Magic:  1/13       EV: 12    Int: 15    God:
Gold:   129        SH:  0    Dex: 13    Spells: 8/13 levels left

rFire   . . .        a - +1 mace
rCold   . . .        (no shield)
rNeg    . . .        b - +0 leather armour
rPois   .            (no helmet)
rElec   .            g - +0 cloak
rCorr   .            (no gloves)
SInv    .            e - +1 pair of boots
Will    .....        (no amulet)
Stlth   +            (no ring)
HPRegen 0.28/turn    (no ring)
MPRegen 0.13/turn

%: no passive effects
@: glowing
A: sense surroundings 1, otherworldly, glowing, explore regen
a: no special abilities


You were on level 3 of the Dungeon.
You visited 1 branch of the dungeon, and saw 3 of its levels.

You collected 129 gold pieces.

Inventory:

Hand Weapons
 a - a +1 mace (weapon)
Armour
 b - a +0 leather armour (worn)
 e - a +1 pair of boots (worn)
 g - a +0 cloak (worn)
Scrolls
 d - a scroll of amnesia
 f - a scroll of identify
Potions
 h - 2 potions of attraction
 l - a potion of magic {unknown}
 m - a potion of haste {unknown}


   Skills:
 + Level 2.6 Fighting
 - Level 6.0 Maces & Flails
 - Level 2.4 Dodging
 - Level 4.0 Spellcasting
 - Level 5.0 Conjurations


You had 8 spell levels left.
You knew the following spells:

 Your Spells              Type           Power      Damage    Failure   Level
a - Kiss of Death         Conj/Necr      40%        2d8       8%          1
b - Momentum Strike       Conj/Tloc      20%        3d8       12%         2
s - Searing Ray           Conj           36%        2d5       4%          2

Your spell library contained the following spells:

 Spells                   Type           Power      Damage    Failure   Level
 Magic Dart               Conj           72%        1d6       2%          1
 Sandblast                Erth           6%         2d5       22%         1
 Hailstorm                Conj/Ice       10%        3d5       24%         3
 Stone Arrow              Conj/Erth      20%        3d8       24%         3
 Passwall                 Tmut/Erth      2%         N/A       32%         2
 Portal Projectile        Hex/Tloc       6%         N/A       54%         3
 Tukima's Dance           Hex            3%         N/A       54%         3
 Fulminant Prism          Conj/Hex       5%         3d7       61%         4
 Blade Hands              Tmut           1%         N/A       99%         5


Dungeon Overview and Level Annotations

Branches:
Dungeon (3/15) Zot: 1064

Altars:
Xom

Annotations:
D:3 Ijyb


Innate Abilities, Weirdness & Mutations

You passively map a small area around you.
You are easily found by Zot.
You glow in the dark.
You regain HP and MP as you explore.


Message History

Casting: Searing Ray (safe; 4% risk of failure)
Confirm with . or Enter, or press ? or * to list all spells.
Aiming: Searing Ray (safe; 4% risk of failure)
Press: ? - help, Shift-Dir - straight line, f - gnoll
Aim: a gnoll, wielding a +0 club (81% to hit)
The searing ray hits the gnoll.
The gnoll is lightly wounded.
The searing ray hits the gnoll!
You kill the gnoll! (Press . to maintain the ray.)
The gnoll barely misses you.
Training target 5.0 for Conjurations reached!
Your Conjurations skill increases to level 5!
You need to enable at least one skill for training.
You have reached level 6!
You feel agile.
You barely miss the gnoll. You punch the gnoll.
The gnoll is heavily wounded.
The gnoll closely misses you.
You hit the gnoll.
The gnoll is severely wounded.
The gnoll hits you with a +0 club.
You hit the gnoll.
You kill the gnoll!
Items here: )) ††.
Ijyb the Twisted Goblin comes into view.
She is wielding a +0 club and carrying a wand of quicksilver (10).
Ijyb shouts!
Casting: Searing Ray (safe; 4% risk of failure)
Confirm with . or Enter, or press ? or * to list all spells.
You don't have enough magic to cast this spell.
Ijyb zaps a wand.
The bolt of dispelling energy hits you!
Ijyb zaps a wand.
The bolt of dispelling energy hits you!
* * * LOW HITPOINT WARNING * * *
You miss Ijyb. Ijyb completely misses you.
You miss Ijyb. Ijyb hits you but does no damage.
You barely miss Ijyb. Ijyb hits you but does no damage.
Ijyb hits you with a +0 club.
* * * LOW HITPOINT WARNING * * *
You barely miss Ijyb.
Ijyb zaps a wand.
The bolt of dispelling energy hits you!
You die...

#...#.#...........#.##
#####[#.......###.#..#,#
####.#..............#.# , ,
#....#......)###....#.# ,
#....#.#####)# #.#....##### *
#....#.#####.###.##<.......
###....#........$#.##.###.###
#...........##.#.#.##.# # ,
#...........+..#@#.##.# *
#...........####g#.##.# ** ,
#........#### #.#.##.# * , ,
#....†...# #......# *
#........# ### *###
#........# * * * #......(.# ,
########## , * ,


You could see Ijyb.

Vanquished Creatures
  An orc priest (D:3)
  Crazy Yiuf (D:2)
  Jessica (D:2)
  An adder (D:2)
  4 gnolls (D:3)
  A worm (D:3)
  A dart slug (D:1)
  2 orcs (D:3)
  3 ball pythons
  3 bats
  5 endoplasms
  2 goblins
  3 hobgoblins
  3 kobolds
  2 frilled lizards
  6 rats
39 creatures vanquished.

Notes
Turn   | Place    | Note
-------+----------+-------------------------------------------
     0 | D:1      | Midn8 the Meteoran Reaver began the quest for the Orb.
     0 | D:1      | Reached XP level 1. HP: 17/17 MP: 5/5
    91 | D:1      | Reached XP level 2. HP: 23/24 MP: 6/6
   166 | D:1      | Reached skill level 5 in Maces & Flails
   238 | D:2      | Reached XP level 3. HP: 28/29 MP: 8/8
   258 | D:2      | Found a shimmering altar of Xom.
   309 | D:2      | Learned a level 2 spell: Momentum Strike
   331 | D:2      | Noticed Jessica
   340 | D:2      | Killed Jessica
   341 | D:2      | Reached skill level 6 in Maces & Flails
   341 | D:2      | Reached XP level 4. HP: 12/36 MP: 9/9
   365 | D:2      | Found a runed translucent door.
   366 | D:2      | Noticed Crazy Yiuf
   373 | D:2      | Killed Crazy Yiuf
   460 | D:2      | Reached XP level 5. HP: 22/36 MP: 9/11
   590 | D:3      | Learned a level 2 spell: Searing Ray
   710 | D:3      | Reached skill level 5 in Conjurations
   710 | D:3      | Reached XP level 6. HP: 36/49 MP: 0/13
   715 | D:3      | Noticed Ijyb
   721 | D:3      | Killed from afar by Ijyb

Illustrated notes

Levels and vault maps discovered:
D:1:      dpeg_arrival_lava_altar, layout_loops_cross,
          shapermc_ecumenical_altar_starsandcircs, serial_aquarium,
          aquarium_bridge_square [aquarium_subvault_bridge,
          aquarium_subvault_bridge, aquarium_subvault_wall,
          aquarium_subvault_balcony], aquarium_window_fake,
          aquarium_window_fake, aquarium_window_corner, aquarium_view_2e,
          aquarium_view_2g
D:2:      layout_rooms, basic_altar, uniq_jessica, uniq_crazy_yiuf_cottage
D:3:      layout_basic, bloody_makhleb, nicolae_overflow_crystal_walls,
          uniq_ijyb, uniq_sigmund

Skill      XL: |  1  2  3  4  5 |
---------------+----------------+-----
Maces & Flails | 5 6 |  6.0
Spellcasting   | 3 4 |  4.0
Conjurations   | 4 5 |  5.0
Fighting       | |  2.6
Dodging        | |  2.4

Action                     |  1- 3 |  4- 6 || total
---------------------------+-------+-------++-------
  Melee: Mace              |    56 |    39 ||    95
         Punch             |     1 |     1 ||     2
   Cast: Kiss of Death     |       |     2 ||     2
         Momentum Strike   |       |     1 ||     1
         Searing Ray       |       |     5 ||     5
    Use: Scroll            |       |     6 ||     6
 Armour: Leather armour    |    19 |    23 ||    42
  Dodge: Dodged            |    30 |    20 ||    50
